 Dungeon Crawl Stone Soup version 0.31.0-32-g396128a36d (webtiles) character file.

Game seed: 5555702382870468539

259 Maxx the Ducker (level 6, -2/53 HPs)
             Began as a Gnoll Monk on Apr 20, 2024.
             Slain by Duvessa
             ... wielding a +0 short sword
              (6 damage)
             ... on level 5 of the Dungeon.
             The game lasted 00:06:25 (2114 turns).

Maxx the Ducker (Gnoll Monk)                        Turns: 2114, Time: 00:06:26

Health: -2/53      AC:  4    Str: 10 (11) XL:     6   Next: 17%
Magic:  8/8        EV: 14    Int:  9 (11) God:
Gold:   146        SH:  0    Dex: 13 (14) Spells: 4/8 levels left

rFire   + . .        a - +0 hand axe
rCold   + . .        d - orb {light}
rNeg    . . .        f - +2 robe {Will+}
rPois   +            (no helmet)
rElec   +            (no cloak)
rCorr   +            (no gloves)
SInv    .            (no boots)
Will    +....        s - amulet of regeneration
Stlth   +            (no ring)
HPRegen 1.08/turn    (no ring)
MPRegen 0.11/turn

%: no passive effects
@: confused, lethally poisoned (-2 -> -4), resistant, ambrosia-drunk, glowing
A: fangs 1, strong nose, distributed training, low MP 1, poison resistance,
inability to drink after injury 1
a: no special abilities


You were on level 5 of the Dungeon.
You visited 1 branch of the dungeon, and saw 5 of its levels.

You collected 146 gold pieces.

Inventory:

Hand Weapons
 a - a +0 hand axe (weapon)
Armour
 b - a +0 robe
 d - an orb of light (worn)
 f - a +2 robe of willpower (worn)
Jewellery
 s - an amulet of regeneration (around neck)
Talismans
 h - a talisman of death
Wands
 p - a wand of flame (16)
 q - a wand of iceblast (10)
 r - a wand of digging (6)
Scrolls
 i - a scroll of fog
 j - a scroll of immolation
 l - a scroll of vulnerability
 t - a scroll of identify
Potions
 e - a potion of resistance
 g - a potion of cancellation
 m - a potion of attraction {unknown}
 n - a potion of degeneration
 o - a potion of brilliance {unknown}


   Skills:
 + Level 6.8 Fighting
 + Level 1.9 Short Blades
 + Level 1.9 Long Blades
 + Level 6.8 Axes
 + Level 1.9 Maces & Flails
 + Level 1.9 Polearms
 + Level 1.9 Staves
 + Level 1.9 Ranged Weapons
 + Level 1.9 Throwing
 + Level 1.9 Armour
 + Level 6.8 Dodging
 + Level 1.9 Stealth
 + Level 1.9 Shields
 + Level 1.9 Unarmed Combat
 + Level 1.9 Spellcasting
 + Level 1.5 Conjurations
 + Level 1.5 Hexes
 + Level 1.5 Summonings
 + Level 1.5 Necromancy
 + Level 1.5 Translocations
 + Level 1.5 Fire Magic
 + Level 1.5 Ice Magic
 + Level 1.5 Air Magic
 + Level 1.5 Earth Magic
 + Level 1.5 Alchemy
 + Level 2.1 Invocations
 + Level 1.9 Evocations
 + Level 1.7 Shapeshifting


You had 4 spell levels left.
You knew the following spells:

 Your Spells              Type           Power      Damage    Failure   Level
a - Summon Small Mammal   Summ           12%        N/A       19%         1
b - Frozen Ramparts       Ice            6%         1d1       47%         3

Your spell library contained the following spells:

 Spells                   Type           Power      Damage    Failure   Level
 Apportation              Tloc           6%         N/A       19%         1
 Freeze                   Ice            12%        1d3       19%         1
 Necrotise                Necr           12%        1d4       19%         1
 Sting                    Conj/Alch      12%        1d3       19%         1
 Jinxbite                 Hex            6%         N/A       26%         2
 Hailstorm                Conj/Ice       3%         3d5       47%         3
 Alistair's Intoxication  Alch           2%         N/A       99%         5


Dungeon Overview and Level Annotations

Branches:
Dungeon (5/15)
 Temple: D:4-7

Altars:
Dithmenos
Fedhas
Okawaru

Annotations:
D:5 Duvessa


Innate Abilities, Weirdness & Mutations

You have very sharp teeth.
Your uncanny sense of smell can sniff out nearby items.
Your experience applies equally to all skills.
Your magical capacity is low. (-10% MP)
Your system is resistant to poisons. (rPois)
You occasionally lose the ability to drink potions when taking damage.


Message History

Duvessa is moderately wounded.
Duvessa hits you with a +0 short sword! x2
* * * LOW HITPOINT WARNING * * *
Unknown command.
You feel much better. Duvessa hits you with a +0 short sword!
* * * LOW HITPOINT WARNING * * *
A hound comes into view.
The water moccasin completely misses you.
You feel much better. Duvessa barely misses you.
The water moccasin completely misses you.
Duvessa completely misses you. The water moccasin barely misses you.
It was a potion of degeneration.
There was something very wrong with that liquid.
You feel weakened.
You feel dopey.
You feel clumsy. Duvessa hits you with a +0 short sword!
The water moccasin barely misses you.
It was a potion of resistance.
You feel protected. Duvessa hits you with a +0 short sword!
* * * LOW HITPOINT WARNING * * *
The water moccasin bites you.
* * * LOW HITPOINT WARNING * * *
Duvessa hits you with a +0 short sword.
* * * LOW HITPOINT WARNING * * *
Okay, then.
Okay, then.
Okay, then.
You are confused.
You feel invigorated. The water moccasin bites you.
* * * LOW HITPOINT WARNING * * *
Duvessa completely misses you. The water moccasin bites you.
* * * LOW HITPOINT WARNING * * *
You are lethally poisoned!
The water moccasin poisons you!
You hit the water moccasin but do no damage.
You hit Duvessa but do no damage.
* * * LOW HITPOINT WARNING * * *
You feel very sick. Duvessa misses you. The water moccasin barely misses you.
Duvessa hits you with a +0 short sword.
You die...

##.#.#..### #........#
# ...# #......#.# .#
...# #.#.#.##.##.# ...#
#.#.#.......# ...###
#.#..##...### >....
#.##.##...######)..####
#....)......eS......
##..........@h...... ∆
#..................
###...######...####
#...# ....... #.###
.....## #.# ...#.# #.#
...#.# #.# ...# # ..#
####


You could see Duvessa (berserk), a water moccasin and a hound.

Vanquished Creatures
  2 scorpions (D:4)
  Dowan (D:5)
  3 adders (D:4)
  4 dart slugs
  A ribbon worm (D:2)
  4 orcs
  5 ball pythons
  2 bats
  5 endoplasms
  2 giant cockroaches (D:2)
  3 goblins
  6 hobgoblins
  A quokka (D:1)
  A frilled lizard (D:2)
  5 kobolds
  17 rats
62 creatures vanquished.

Notes
Turn   | Place    | Note
-------+----------+-------------------------------------------
     0 | D:1      | Maxx the Gnoll Monk began the quest for the Orb.
     0 | D:1      | Reached XP level 1. HP: 23/23 MP: 1/1
    99 | D:1      | Reached XP level 2. HP: 29/29 MP: 2/2
   257 | D:1      | Gained mutation: You occasionally lose the ability to drink
                  | potions when taking damage. [potion of mutation]
   257 | D:1      | Gained mutation: Your system is resistant to poisons.
                  | (rPois) [potion of mutation]
   257 | D:1      | Gained mutation: Your magical capacity is low. (-10% MP)
                  | [potion of mutation]
   628 | D:2      | Reached XP level 3. HP: 35/35 MP: 3/3
   740 | D:2      | Reached skill level 1 in Invocations
   957 | D:2      | Reached skill level 1 in Short Blades
   957 | D:2      | Reached skill level 1 in Long Blades
   957 | D:2      | Reached skill level 1 in Maces & Flails
   957 | D:2      | Reached skill level 1 in Polearms
   957 | D:2      | Reached skill level 1 in Staves
   957 | D:2      | Reached skill level 1 in Ranged Weapons
   957 | D:2      | Reached skill level 1 in Throwing
   957 | D:2      | Reached skill level 1 in Armour
   957 | D:2      | Reached skill level 1 in Stealth
   957 | D:2      | Reached skill level 1 in Shields
   957 | D:2      | Reached skill level 1 in Unarmed Combat
   957 | D:2      | Reached skill level 1 in Spellcasting
   957 | D:2      | Reached skill level 1 in Evocations
  1301 | D:3      | Reached skill level 1 in Shapeshifting
  1301 | D:3      | Reached XP level 4. HP: 37/41 MP: 5/5
  1463 | D:4      | Found an iron altar of Okawaru.
  1492 | D:4      | Reached skill level 1 in Conjurations
  1492 | D:4      | Reached skill level 1 in Hexes
  1492 | D:4      | Reached skill level 1 in Summonings
  1492 | D:4      | Reached skill level 1 in Necromancy
  1492 | D:4      | Reached skill level 1 in Translocations
  1492 | D:4      | Reached skill level 1 in Fire Magic
  1492 | D:4      | Reached skill level 1 in Ice Magic
  1492 | D:4      | Reached skill level 1 in Air Magic
  1492 | D:4      | Reached skill level 1 in Earth Magic
  1492 | D:4      | Reached skill level 1 in Alchemy
  1578 | D:4      | Noticed a scorpion
  1588 | D:4      | Killed a scorpion
  1589 | D:4      | Reached XP level 5. HP: 39/47 MP: 6/6
  1626 | D:4      | Learned a level 1 spell: Summon Small Mammal
  1654 | D:4      | Found a blossoming altar of Fedhas.
  1753 | D:4      | Found a shadowy altar of Dithmenos.
  2015 | D:5      | Entered Level 5 of the Dungeon
  2045 | D:5      | Learned a level 3 spell: Frozen Ramparts
  2099 | D:5      | Noticed Dowan
  2101 | D:5      | Noticed Duvessa
  2104 | D:5      | Killed Dowan
  2104 | D:5      | Noticed a water moccasin
  2105 | D:5      | Reached XP level 6. HP: 52/53 MP: 6/8
  2113 | D:5      | HP: 2/53 [water moccasin (4)]
  2114 | D:5      | Slain by Duvessa

Illustrated notes

Levels and vault maps discovered:
D:1:      evilmike_arrival_plus, layout_rooms, nicolae_figureground_pulse
D:2:      layout_loops_ring, minmay_rat_gold_closets, uniq_natasha
D:3:      layout_rooms
D:4:      layout_gridville, nicolae_dithmenos_through_a_glass_darkly,
          okawaru_metal_pillars_3, fedhas_altar_1, kennysheep_generic_room_9
D:5:      layout_loops_cross, uniq_menkaure, uniq_duvessa

Skill      XL: |  1  2  3  4  5 |
---------------+----------------+-----
Invocations    | 1 2 |  2.1
Short Blades   | 1 |  1.9
Long Blades    | 1 |  1.9
Maces & Flails | 1 |  1.9
Polearms       | 1 |  1.9
Staves         | 1 |  1.9
Ranged Weapons | 1 |  1.9
Throwing       | 1 |  1.9
Armour         | 1 |  1.9
Stealth        | 1 |  1.9
Shields        | 1 |  1.9
Unarmed Combat | 1 |  1.9
Spellcasting   | 1 |  1.9
Evocations     | 1 |  1.9
Shapeshifting  | 1 |  1.7
Conjurations   | 1 |  1.5
Hexes          | 1 |  1.5
Summonings     | 1 |  1.5
Necromancy     | 1 |  1.5
Translocations | 1 |  1.5
Fire Magic     | 1 |  1.5
Ice Magic      | 1 |  1.5
Air Magic      | 1 |  1.5
Earth Magic    | 1 |  1.5
Alchemy        | 1 |  1.5
Fighting       | |  6.8
Axes           | |  6.8
Dodging        | |  6.8

Action                     |  1- 3 |  4- 6 || total
---------------------------+-------+-------++-------
  Melee: Hand axe          |   118 |    54 ||   172
         Bite              |    13 |    13 ||    26
  Evoke: Wand              |       |     5 ||     5
    Use: Scroll            |     6 |       ||     6
         Potion            |     1 |     5 ||     6
 Armour: Robe              |    33 |    31 ||    64
  Dodge: Dodged            |    87 |    49 ||   136
